 Dungeon Crawl Stone Soup version 0.22-a0-533-g4d20840 (webtiles) character file.

73795 Amnesiac the Nimble (level 15, -2/86 HPs)
             Began as a Spriggan Berserker on June 22, 2018.
             Was the Champion of Trog.
             Drowned by a water elemental (11 damage)
             ... on level 1 of the Depths.
             The game lasted 00:54:25 (26486 turns).

Amnesiac the Nimble (Spriggan Berserker)           Turns: 26486, Time: 00:54:26

Health: -2/86      AC:  8    Str: 22    XL:     15   Next: 5%
Magic:  0/25       EV: 31    Int: 15    God:    Trog [******]
Gold:   1366       SH:  0    Dex: 19    Spells: 14/14 levels left

rFire    + + .     SeeInvis +   a - +6 hunting sling (flame)
rCold    + . .     Gourm    .   (shield restricted)
rNeg     . . .     Faith    .   T - +4 robe of Augmentation {Str+4 Int+4 Dex+4}
rPois    .         Spirit   +   Q - +2 hat
rElec    .         Reflect  .   k - scarf {rC+ rF+}
rCorr    .         Harm     .   (gloves unavailable)
MR       ++...                  (boots unavailable)
Stlth    ++++......             n - amulet of guardian spirit
HPRegen  0.24/turn              E - ring of fire
MPRegen  0.19/turn              B - ring of protection from cold

@: engulfed (cannot breathe), very slightly contaminated, invisible, very quick
A: very small, unfitting armour, see invisible, herbivore, speed 3, slow
metabolism 2
a: Berserk, Trog's Hand, Brothers in Arms, Renounce Religion


You were on level 1 of the Depths.
You worshipped Trog.
Trog was exalted by your worship.
You were not hungry.

You visited 2 branches of the dungeon, and saw 16 of its levels.
You also visited: Ossuary and Ice Cave.

You collected 1366 gold pieces.

Inventory:

Hand Weapons
 a - a +6 hunting sling of flaming (weapon)
 b - a +0 blowgun
 q - a +2 scimitar of flaming
Missiles
 l - 50 stones
 p - 66 poisoned needles
 r - 177 sling bullets (quivered)
 z - 2 exploding tomahawks
 P - a throwing net
 S - 3 tomahawks
 V - 6 needles of confusion
Armour
 k - a scarf of resistance (worn)
 Q - a +2 hat (worn)
 T - the +4 robe of Augmentation (worn) {Str+4 Int+4 Dex+4}
   (You found it on level 14 of the Dungeon)

   It affects your strength (+4).
   It affects your intelligence (+4).
   It affects your dexterity (+4).
Jewellery
 i - an uncursed ring of flight
 n - an amulet of guardian spirit (around neck)
 B - a ring of protection from cold (right hand)
 D - an uncursed ring of teleportation
 E - a ring of fire (left hand)
 U - an uncursed amulet of regeneration {unknown}
Wands
 G - a wand of acid (1)
 H - a wand of iceblast (20)
 J - a wand of disintegration (9)
 R - a wand of polymorph (16)
Scrolls
 d - 6 scrolls of identify {!r}
 e - 11 scrolls of teleportation {!r}
 f - 7 scrolls of remove curse {!r}
 g - 3 scrolls of blinking {!r}
 m - 3 scrolls of fear {!r}
 o - 4 scrolls of fog {!r}
 w - 4 scrolls of enchant weapon {!r}
 y - a scroll of magic mapping {!r}
 O - 2 scrolls of enchant armour {!r}
Potions
 h - 2 potions of magic {!q}
 j - 2 potions of mutation {!q}
 s - 3 potions of berserk rage {!q}
 t - a potion of haste {!q}
 u - a potion of resistance {!q}
 v - 4 potions of lignification {!q}
 A - 4 potions of flight {!q}
 C - 2 potions of brilliance {!q}
 F - a potion of invisibility {!q}
 I - 2 potions of heal wounds {!q}
 K - 2 potions of agility {!q}
 L - 3 potions of might {!q}
 M - 2 potions of cancellation {!q}
 N - a potion of curing {!q}
Miscellaneous
 x - a sack of spiders
Comestibles
 c - 27 rations


   Skills:
 * Level 13.1 Fighting
   Level 9.0 Short Blades
 + Level 11.4(13.8) Slings
 * Level 11.2(12.6) Throwing
 + Level 13.4 Dodging
 - Level 9.0 Stealth
 + Level 13.2 Evocations


You had 14 spell levels left.
You didn't know any spells.
Your spell library contained the following spells:

 Spells                   Type           Power        Failure   Level  Hunger
 Bolt of Cold             Conj/Ice       #.........   100%        6    #######
 Confuse                  Hex            #.......     63%         3    ####...
 Freezing Cloud           Conj/Ice/Air   #.........   100%        6    #######
 Lehudib's Crystal Spear  Conj/Erth      #.........   100%        8    #######
 Fire Storm               Conj/Fire      #.........   100%        9    #######
 Pain                     Necr           #...         26%         1    ##.....
 Ozocubu's Refrigeration  Ice            #.........   100%        6    #######
 Poison Arrow             Conj/Pois      #.........   100%        6    #######
 Regeneration             Chrm/Necr      #.........   63%         3    ####...
 Tukima's Dance           Hex            #.......     63%         3    ####...
 Stone Arrow              Conj/Erth      #.....       63%         3    ####...
 Ice Form                 Ice/Tmut       #.......     95%         4    #####..
 Glaciate                 Conj/Ice       #.........   100%        9    #######
 Ensorcelled Hibernation  Hex/Ice        #.....       38%         2    ###....
 Metabolic Englaciation   Hex/Ice        #.........   100%        5    ######.
 Corona                   Hex            #......      26%         1    ##.....
 Lee's Rapid Deconstruct  Erth           #.........   100%        5    ######.
 Simulacrum               Ice/Necr       #.........   100%        6    #######
 Chain Lightning          Conj/Air       #.........   100%        8    #######
 Petrify                  Tmut/Erth      #.......     95%         4    #####..
 Leda's Liquefaction      Hex/Erth       #.........   95%         4    #####..
 Shroud of Golubria       Chrm/Tloc      #.........   38%         2    ###....
 Dazzling Spray           Conj/Hex       #.....       63%         3    ####...
 Infusion                 Chrm           #...         26%         1    ##.....
 Song of Slaying          Chrm           #.......     38%         2    ###....
 Spectral Weapon          Hex/Chrm       #.......     63%         3    ####...


Dungeon Overview and Level Annotations

Branches:
Dungeon (15/15)            Temple (0/1) D:5            Lair (0/6) D:10
    Orc (0/2) D:10         Vaults (0/5) D:14         Depths (1/5) D:15

Altars:
Elyvilon
Kikubaaqudgha
Makhleb
Qazlal
Ru
Uskayaw
Wu Jian
Xom
Yredelemnul
The Shining One

Shops:
D:11 }   D:13 :

Portals:
Trove: D:10 (give 19 scrolls of identify)

Annotations:
Depths:1 Aizul


Innate Abilities, Weirdness & Mutations

You are very small and have problems with some larger weapons.
You are too small for most types of armour.
You have supernaturally acute eyesight. (SInv)
You are a herbivore.
You cover ground extremely quickly.
You need to consume almost no food.


Message History

The deep troll completely misses you. x2; The deep troll misses you.
The deep troll completely misses you. x2; The deep troll misses you.
The iron troll completely misses you. The iron troll barely misses you.
The iron troll claws you but does no damage.
A rakshasa comes into view. It is wielding a trident.
There is a staircase back to the Dungeon, spattered with blood here.
You see here 2 large rocks.
Unknown command.
Unknown command.
Your lungs strain for air!
The ice dragon completely misses you. The ice dragon closely misses you.
The ice dragon tramples you!
You hold your ground!
The water elemental misses you. The deep troll closely misses you.
The deep troll misses you. The deep troll closely misses you.
The deep troll barely misses you. The deep troll claws you.
The deep troll closely misses you. Aizul casts a spell at you.
You easily resist.
The rakshasa weaves an illusion.
The deep troll shimmers and seems to become two!
You climb upwards.
Welcome back to the Dungeon!
* * * LOW HITPOINT WARNING * * *
Your lungs strain for air!
There is a staircase to the Depths here.
Unknown command.
Unknown command.
Unknown command.
Unknown command.
Really read
g - 3 scrolls of blinking {!r}?
You cannot read scrolls while unable to breathe!
Unknown command.
Really read
m - 3 scrolls of fear {!r}?
Okay, then.
Okay, then.
Really quaff
F - 2 potions of invisibility {!q}?
You fade into invisibility!
* * * LOW HITPOINT WARNING * * *
Your lungs strain for air!
The water elemental closely misses you.
The ice dragon breathes frost past the iron troll.
The blast of cold hits the ice dragon.
The ice dragon resists.
The deep troll bites you!!
* * * LOW HITPOINT WARNING * * *
The deep troll barely misses you. x2
You are very lightly contaminated with residual magic.
Really quaff
I - 3 potions of heal wounds {!q}?
You feel much better.
* * * LOW HITPOINT WARNING * * *
Your lungs strain for air!
The water elemental completely misses you.
The deep troll closely misses you. x2; The deep troll completely misses you.
* * * LOW HITPOINT WARNING * * *
Your lungs strain for air!
The water elemental completely misses you.
The deep troll completely misses you.
The deep troll claws you but does no damage.
The deep troll claws you!
* * * LOW HITPOINT WARNING * * *
The deep troll completely misses you. The deep troll claws you!
* * * LOW HITPOINT WARNING * * *
The deep troll closely misses you.
You climb downwards.
Welcome back to the Depths!
Level annotation: Aizul You die...

#......≈....
....≈≈≈....
...(≈≈≈...(
...≈≈.((.≈
#####..≈.(.(..
#......≈(.....
#.....ET(.....
#.....@T((...R
#....DT.T......
...............
###............
#........p....
###+..........
#.........S
#..........


You could see Aizul, a fire dragon, a rakshasa, a hell knight, 4 deep trolls and
a water elemental.

Vanquished Creatures
  Rupert (D:13)
  A frost giant (IceCv)
  A fire giant (D:13)
  2 stone giants
  A vampire knight (D:15)
  A fire dragon (D:15)
  An ogre mage (D:15)
  3 rakshasas (D:15)
  2 hydras (D:15)
  3 centaur warriors
  2 dancing weapons (D:14)
  Erica (D:8)
  13 two-headed ogres
  2 deep troll shamans (D:15)
  2 deep troll earth magi
  A tengu warrior (D:15)
  A vampire mage (D:15)
  4 hell knights (D:15)
  4 unseen horrors
  A glowing orange brain (shapeshifter) (D:15)
  5 deep trolls (D:15)
  A death drake (D:14)
  A wizard (D:14)
  A glowing orange brain (D:15)
  A necromancer (D:15)
  A wolf spider zombie (D:15)
  An orb spider (shapeshifter) (D:15)
  A deep elf mage (D:14)
  8 ugly things
  11 cyclopes
  A shining eye (shapeshifter) (D:15)
  An ice statue (IceCv)
  4 gargoyles
  2 spiny frogs (shapeshifter) (D:15)
  Psyche (D:12)
  A freezing wraith (D:13)
  2 yaktaurs (D:13)
  A redback zombie (D:15)
  A kobold demonologist (D:13)
  A tengu conjurer (D:15)
  2 komodo dragons (D:14)
  A queen bee (D:15)
  3 meliai (D:15)
  A troll (D:14)
  16 polar bears (IceCv)
  6 slime creatures (D:15)
  4 hippogriffs
  A centaur simulacrum (D:13)
  3 shadows
  4 wraiths
  2 wyverns
  7 yaks (IceCv)
  3 steam dragons
  5 hungry ghosts
  9 vampire mosquitoes
  A soldier ant (D:14)
  3 water moccasins
  3 black bears
  5 sky beasts
  6 ice beasts
  6 orc warriors
  A phantom (D:8)
  2 necrophages
  An eye of draining (D:15)
  11 ogres
  15 wolves (IceCv)
  11 centaurs
  3 crocodiles
  2 elf zombies (Ossuary)
  2 big kobolds
  9 bullfrogs
  4 scorpions
  2 jellies
  38 killer bees
  6 wights
  3 howler monkeys
  7 crimson imps
  A quasit (D:8)
  7 centaur skeletons
  8 centaur zombies
  A bullfrog zombie (D:11)
  4 human zombies (Ossuary)
  7 orc priests
  5 hounds
  9 orc wizards
  6 bullfrog skeletons
  A gnoll shaman (D:8)
  6 iguanas
  12 worker ants
  Natasha (thrice) (D:3)
  A hound zombie (D:8)
  3 mummies (Ossuary)
  11 gnolls
  15 adders
  A shadow imp (D:14)
  An adder zombie (D:6)
  2 worms
  A dart slug (D:1)
  3 leopard geckos
  39 orcs
  2 ball pythons
  5 giant cockroaches
  3 goblins
  2 hobgoblins (D:1)
  17 jackals
  9 kobolds
  3 quokkas
  11 bats
  2 frilled lizards
  A jackal skeleton (D:4)
  A leopard gecko zombie (D:8)
  A quokka zombie (D:9)
  3 rats
508 creatures vanquished.

Vanquished Creatures (others)
  A death yak (IceCv)
  A troll (D:11)
  3 polar bears (IceCv)
  3 yaks
  A black bear (D:11)
  A black bear (shapeshifter) (D:14)
  A wolf (IceCv)
  A hound (D:11)
  2 orcs
  A plant (D:12)
15 creatures vanquished.

Grand Total: 523 creatures vanquished

Notes
Turn   | Place    | Note
-------+----------+-------------------------------------------
     0 | D:1      | Amnesiac the Spriggan Berserker began the quest for the Orb.
     0 | D:1      | Reached XP level 1. HP: 11/11 MP: 2/2
   238 | D:1      | Reached skill level 1 in Stealth
   313 | D:1      | Reached XP level 2. HP: 14/16 MP: 3/3
   998 | D:2      | Reached skill level 5 in Dodging
   998 | D:2      | Reached XP level 3. HP: 12/19 MP: 2/4
  1667 | D:3      | Found a burning altar of Makhleb.
  1710 | D:3      | Reached ** piety under Trog
  2072 | D:4      | Noticed Natasha
  2085 | D:3      | Reached skill level 1 in Evocations
  2085 | D:3      | Reached XP level 4. HP: 6/23 MP: 0/5
  2336 | D:3      | Killed Natasha
  2517 | D:3      | Noticed Natasha
  2525 | D:3      | Killed Natasha
  2915 | D:3      | Noticed Natasha
  2934 | D:3      | Killed Natasha
  2934 | D:3      | Reached XP level 5. HP: 18/27 MP: 6/8
  2992 | D:3      | Found a burning altar of Makhleb.
  3766 | D:4      | Reached XP level 6. HP: 23/32 MP: 6/10
  3874 | D:4      | Reached skill level 5 in Short Blades
  3874 | D:4      | Reached skill level 5 in Stealth
  4180 | D:5      | Entered Level 5 of the Dungeon
  4247 | D:5      | Found a staircase to the Ecumenical Temple.
  4534 | D:5      | Noticed a water moccasin
  4540 | D:5      | Killed a water moccasin
  4540 | D:5      | Reached XP level 7. HP: 26/35 MP: 7/11
  4578 | D:5      | Reached *** piety under Trog
  5505 | D:6      | Noticed a two-headed ogre
  5660 | D:6      | Killed a two-headed ogre
  5660 | D:6      | Reached XP level 8. HP: 29/39 MP: 8/12
  5785 | D:6      | Found a white marble altar of Elyvilon.
  5924 | D:6      | Found a basalt altar of Yredelemnul.
  6207 | D:7      | Noticed a hippogriff
  6234 | D:7      | Killed a hippogriff
  6234 | D:7      | Reached skill level 5 in Evocations
  6555 | D:7      | Reached XP level 9. HP: 14/44 MP: 6/15
  7282 | D:8      | Found a sand-covered staircase.
  7286 | Ossuary  | Entered an ossuary
  7565 | Ossuary  | Reached skill level 1 in Slings
  7895 | Ossuary  | Reached **** piety under Trog
  8178 | D:8      | Received a gift from Trog
  8285 | D:8      | HP: 2/45 [centaur (8)]
  8286 | D:8      | Reached skill level 5 in Slings
  8836 | D:8      | Found a stormy altar of Qazlal.
  8945 | D:8      | Found an ornate altar of the Wu Jian Council.
  9003 | D:8      | Noticed an unseen horror
  9171 | D:8      | Found a shimmering altar of Xom.
  9194 | D:8      | Killed an unseen horror
  9365 | D:8      | Noticed Erica
  9377 | D:8      | Killed Erica
  9377 | D:8      | Reached XP level 10. HP: 31/49 MP: 12/17
  9456 | D:8      | Found a glowing golden altar of the Shining One.
  9556 | D:8      | Found an ancient bone altar of Kikubaaqudgha.
  9855 | D:9      | Identified a paperback manual
  9862 | D:9      | Reached skill level 5 in Throwing
 10550 | D:9      | Found a sacrificial altar of Ru.
 10681 | D:9      | Found a hide-covered altar of Uskayaw.
 10834 | D:9      | Noticed a two-headed ogre
 11086 | D:9      | Reached ***** piety under Trog
 11110 | D:9      | Received a gift from Trog
 11355 | D:9      | Killed a two-headed ogre
 11582 | D:10     | Entered Level 10 of the Dungeon
 11646 | D:10     | Found a staircase to the Lair.
 11790 | D:10     | Reached XP level 11. HP: 46/53 MP: 18/18
 12184 | D:10     | Found a staircase to the Orcish Mines.
 12728 | D:10     | Found a portal to a secret trove of treasure.
 13114 | D:11     | Found Hufutia's Gadget Shoppe.
 13222 | D:11     | Noticed a two-headed ogre
 13518 | D:10     | Killed a two-headed ogre
 14090 | D:11     | Received a gift from Trog
 14221 | D:11     | You fall through a shaft for 2 floors!
 14272 | D:13     | Reached skill level 5 in Fighting
 14496 | D:13     | Received a gift from Trog
 14707 | D:12     | Noticed a two-headed ogre
 14707 | D:12     | Noticed a two-headed ogre
 14707 | D:12     | Noticed a stone giant
 14724 | D:12     | Noticed a two-headed ogre
 14724 | D:12     | Noticed a two-headed ogre
 14725 | D:12     | Noticed a two-headed ogre
 14763 | D:12     | Killed a two-headed ogre
 14781 | D:12     | Found a sacrificial altar of Ru.
 14798 | D:12     | Killed a two-headed ogre
 14811 | D:12     | Killed a two-headed ogre
 14913 | D:12     | Noticed a two-headed ogre
 14939 | D:12     | Killed a two-headed ogre
 14965 | D:12     | Noticed a two-headed ogre
 14978 | D:12     | Killed a two-headed ogre
 14978 | D:12     | Reached XP level 12. HP: 39/64 MP: 19/19
 14987 | D:12     | Killed a two-headed ogre
 15215 | D:12     | Killed a two-headed ogre
 15232 | D:12     | Noticed a two-headed ogre
 15282 | D:12     | Killed a two-headed ogre
 15418 | D:12     | Found a frozen archway.
 15423 | D:12     | Noticed a two-headed ogre
 15434 | D:12     | Killed a two-headed ogre
 15434 | D:12     | Reached skill level 10 in Dodging
 15457 | IceCv    | Entered an ice cave
 15528 | IceCv    | Killed a death yak
 16184 | IceCv    | Reached skill level 10 in Evocations
 16438 | IceCv    | Reached skill level 10 in Fighting
 16536 | IceCv    | Noticed a frost giant
 16930 | IceCv    | Killed a frost giant
 16962 | IceCv    | Identified Bajis's Guide on Lethal Clay
 17276 | D:12     | Noticed Psyche
 17282 | D:12     | Killed Psyche
 17316 | D:12     | HP: 3/67 [stone giant/large rock (20)]
 17669 | D:12     | Received a gift from Trog
 17669 | D:12     | Reached XP level 13. HP: 71/71 MP: 22/22
 17851 | D:12     | Killed a stone giant
 17935 | D:12     | Got a crystal falchion
 17960 | D:12     | Identified the cursed +0 falchion "Deig" {flame, rN+ Int+3} (You found it on level 12 of the Dungeon)
 18384 | D:11     | Found a shimmering altar of Xom.
 18804 | D:11     | Got a ripped robe
 19009 | D:13     | Noticed Rupert
 19060 | D:13     | Killed Rupert
 19416 | D:13     | Received a gift from Trog
 19645 | D:13     | Noticed a fire giant
 19801 | D:13     | Killed a fire giant
 20404 | D:13     | Found Wemueteh's Book Shop.
 20803 | D:14     | Reached skill level 10 in Slings
 21179 | D:14     | Found the +4 robe of Augmentation {Str+4 Int+4 Dex+4}
 21335 | D:14     | Identified the +0 robe of the Harvest {Regen+ Dex+2 SInv} (You found it on level 11 of the Dungeon)
 21367 | D:14     | Found a gate to the Vaults.
 21623 | D:14     | Reached skill level 10 in Throwing
 21871 | D:15     | Entered Level 15 of the Dungeon
 21886 | D:15     | Reached XP level 14. HP: 72/79 MP: 22/24
 21941 | D:15     | Received a gift from Trog
 23381 | D:15     | Found a staircase to the Depths.
 23475 | D:15     | Reached ****** piety under Trog
 23971 | Depths:1 | Entered Level 1 of the Depths
 23971 | Depths:1 | Noticed a stone giant
 23971 | Depths:1 | Noticed a vampire knight
 24335 | D:14     | HP: 4/117 [something (5)]
 24689 | D:15     | Received a gift from Trog
 24757 | D:15     | Paralysed by a vampire knight for 2 turns
 24764 | D:15     | Killed a vampire knight
 25476 | Depths:1 | Noticed a stone giant
 25574 | D:15     | Received a gift from Trog
 25725 | D:15     | Killed a stone giant
 26168 | D:15     | Reached XP level 15. HP: 83/86 MP: 25/25
 26264 | Depths:1 | Noticed Aizul
 26486 | Depths:1 | Drowned by a water elemental

Vault maps used:
D:1:      minmay_arrival_widening_spiral_wide, grunt_decor_one_mirror
D:2:      skrybe_limestone_x
D:3:      lemuel_crystal_altar, first_ration
D:4:      nicolae_underground_beach, uniq_natasha
D:5:      cheibrodos_quashed, temple_green
D:6:      kennysheep_mini, kennysheep_little_box
D:8:      overflow_temple_1_default, nicolae_overflow_quartered_altars,
          enter_ossuary_5, minmay_misc_feat_encased, grunt_pizzeria, uniq_erica
D:9:      nicolae_overflow_hidden_temple, nicolae_overflow_crystal_walls,
          evilmike_minifort
D:10:     dpeg_oklobed_lair, enter_trove_2
D:11:     serial_shops, shop, nrook_pool_corridor, xom_confusion_cloud
D:12:     cheibrodos_monumental, portal_ice_cave_entry_pillars_2,
          nicolae_ru_awakened_eye, uniq_psyche
D:13:     minmay_connected_boxes_in_corner, serial_shops, shop_fountains,
          hangedman_decor_clover_reticule, uniq_rupert
D:14:     erik_vaults_1, dk_noncrumbling_2
D:15:     gammafunk_enter_depths_forms, special_room, patterned_corridor
Depths:1: glass_columns_b, hell_entry, abyss_entry_crystal,
          kennysheep_pointless_box, roderic_serpentine_path, grunt_tough_drop,
          uniq_aizul, uniq_asterion
Ossuary:  ossuary_minmay_four_chambers
IceCv:    ice_cave_caverns_03

Skill      XL: |  1  2  3  4  5  6  7  8  9 10 11 12 13 14 |
---------------+-------------------------------------------+-----
Stealth        | 1 2 4 6 8 9 |  9.0
Short Blades   | 4 6 8 9 |  9.0
Dodging        | 5 6 8 9 11 12 13 | 13.4
Evocations     | 1 3 4 7 8 9 10 12 13 | 13.2
Fighting       | 3 4 8 10 12 13 | 13.1
Slings         | 8 9 10 11 | 11.4
Throwing       | 3 9 10 11 | 11.2

Action                   |  1- 3 |  4- 6 |  7- 9 | 10-12 | 13-15 || total
-------------------------+-------+-------+-------+-------+-------++-------
Melee: Short sword       |   157 |    99 |   263 |   160 |       ||   679
 Fire: Hunting sling     |       |       |   419 |  1427 |  1197 ||  3043
       Blowgun           |       |       |       |       |     1 ||     1
 Abil: Evoke Flight      |       |       |       |     3 |       ||     3
Evoke: Wand              |       |       |     2 |    15 |     5 ||    22
  Use: Scroll            |       |       |       |    22 |     5 ||    27
       Potion            |       |       |       |     5 |     6 ||    11
 Stab: Sleeping          |     5 |     4 |     5 |    10 |       ||    24
       Distracted        |       |       |     1 |     2 |       ||     3
  Eat: Ration            |       |     2 |     1 |     5 |     4 ||    12
Armor: Animal skin       |    15 |     4 |    21 |     2 |       ||    42
       Robe              |       |       |       |    77 |    29 ||   106
       Skin              |       |       |       |       |     4 ||     4
Dodge: Dodged            |   146 |    62 |   463 |   756 |   390 ||  1817

Table legend:
 A = Spawn XP
 B = Non-spawn XP
 C = Spawn XP percentage of total XP
 D = Spawn monster count
 E = Non-spawn monster count
 F = Spawn count percentage of total count
 G = Total turns spent on level
                    A         B        C        D         E        F      G
               +---------+---------+-------+---------+---------+-------+---------
         Total |       0 |  105422 |   0.0 |       0 |     510 |   0.0 | 26486
               +---------+---------+-------+---------+---------+-------+---------
           D:1 |       0 |      31 |   0.0 |       0 |      18 |   0.0 |   940
           D:2 |       0 |      22 |   0.0 |       0 |      10 |   0.0 |   590
           D:3 |       0 |     147 |   0.0 |       0 |      20 |   0.0 |  1806
           D:4 |       0 |     416 |   0.0 |       0 |      16 |   0.0 |  1282
           D:5 |       0 |     377 |   0.0 |       0 |      12 |   0.0 |   606
           D:6 |       0 |    1115 |   0.0 |       0 |      14 |   0.0 |   943
           D:7 |       0 |     893 |   0.0 |       0 |      22 |   0.0 |  1277
           D:8 |       0 |    3260 |   0.0 |       0 |      27 |   0.0 |  1526
           D:9 |       0 |    3317 |   0.0 |       0 |      44 |   0.0 |  1727
          D:10 |       0 |    3114 |   0.0 |       0 |      37 |   0.0 |  1727
          D:11 |       0 |    2614 |   0.0 |       0 |      32 |   0.0 |  1481
          D:12 |       0 |   13844 |   0.0 |       0 |      48 |   0.0 |  1859
          D:13 |       0 |   13667 |   0.0 |       0 |      32 |   0.0 |  2004
          D:14 |       0 |   11552 |   0.0 |       0 |      34 |   0.0 |  2007
          D:15 |       0 |   39542 |   0.0 |       0 |      88 |   0.0 |  3986
      Depths:1 |       0 |     844 |   0.0 |       0 |       1 |   0.0 |    55
       Ossuary |       0 |     704 |   0.0 |       0 |      15 |   0.0 |   885
         IceCv |       0 |    9963 |   0.0 |       0 |      40 |   0.0 |  1785
               +---------+---------+-------+---------+---------+-------+---------
